 Dungeon Crawl Stone Soup version 0.29-a0-322-g68df515428 (webtiles) character file.

Game seed: 5380870015251333682

116 YayAnonymity the Firebug (level 5, 0/38 HPs)
             Began as a Hill Orc Fire Elementalist on Apr 6, 2022.
             Killed by nerve-wracking pain
             ... invoked by Grinder
              (13 damage)
             ... on level 3 of the Dungeon.
             The game lasted 00:04:29 (2259 turns).

YayAnonymity the Firebug (HOFE)                     Turns: 2259, Time: 00:04:29

Health: 0/38       AC:  5    Str: 11    XL:     5   Next: 1%
Magic:  3/8        EV: 12    Int: 17    God:
Gold:   108        SH:  0    Dex: 11    Spells: 5/8 levels left

rFire   . . .      SeeInvis .   g - +0 falchion
rCold   . . .      Faith    .   (no shield)
rNeg    . . .      Spirit   .   a - +0 robe
rPois   .          Reflect  .   j - +2 helmet
rElec   .          Harm     .   (no cloak)
rCorr   .          Rampage  .   (no gloves)
Will    .....                   (no boots)
Stlth   ++........              (no amulet)
HPRegen 0.12/turn               (no ring)
MPRegen 0.11/turn               (no ring)

@: no status effects
A: no striking features
a: no special abilities


You were on level 3 of the Dungeon.
You visited 1 branch of the dungeon, and saw 3 of its levels.

You collected 108 gold pieces.

Inventory:

Hand Weapons
 g - a +0 falchion (weapon)
Armour
 a - a +0 robe (worn)
 j - a +2 helmet (worn)
Scrolls
 c - 5 scrolls of identify {unknown}
 d - a scroll of enchant weapon {unknown}
 f - a scroll of vulnerability {unknown}
 h - a scroll of teleportation {unknown}
Potions
 b - a potion of magic
 e - a potion of cancellation {unknown}
 i - a potion of ambrosia {unknown}
 k - a potion of curing {unknown}


   Skills:
 - Level 1.5 Dodging
 - Level 1.5 Stealth
 + Level 2.4 Spellcasting
 - Level 1.0 Conjurations
 * Level 5.3 Fire Magic


You had 5 spell levels left.
You knew the following spells:

 Your Spells              Type           Power      Damage    Failure   Level
a - Foxfire               Conj/Fire      48%        2x1d6     4%          1
b - Scorch                Fire           40%        2d7       3%          2

Your spell library contained the following spells:

 Spells                   Type           Power      Damage    Failure   Level
 Conjure Flame            Conj/Fire      12%        6-21      16%         3
 Inner Flame              Hex/Fire       11%        N/A       19%         3
 Flame Wave               Conj/Fire      12%        2d6       45%         4


Dungeon Overview and Level Annotations

Branches:
Dungeon (3/15)

Altars:

Annotations:
D:3 Grinder


Message History

The endoplasm is moderately wounded.
The foxfire hits the endoplasm.
You kill the endoplasm!
You have reached level 5!
You feel stronger.
Magic restored.
Found a helmet.
Grinder and a ball python come into view.
Found 4 gold pieces.
Grinder shouts!
The ball python hisses angrily.
You hear an angry hiss.
An endoplasm comes into view.
Casting: Foxfire (safe; 4% risk of failure)
Confirm with . or Enter, or press ? or * to list all spells.
Flames lash the ball python.
You kill the ball python!
Grinder closely misses you. Grinder hits you.
You writhe in agony.
Casting: Scorch (safe; 3% risk of failure)
Confirm with . or Enter, or press ? or * to list all spells.
Flames lash Grinder.
Grinder is lightly wounded.
Grinder's fire resistance burns away.
You hear an angry hiss.
Grinder hits you.
A frilled lizard comes into view.
Grinder hits you.
You writhe in agony.
Casting: Scorch (safe; 3% risk of failure)
Confirm with . or Enter, or press ? or * to list all spells.
You conjure some foxfire!
Grinder gestures at you. You resist with significant effort.
The foxfire hits Grinder.
Grinder is burned terribly!
Grinder is moderately wounded.
The foxfire hits Grinder but does no damage.
Grinder is moderately wounded.
The endoplasm freezes you.
You are frozen.
Grinder gestures at you. Pain shoots through your body!
You die...

##.##.#.........
#.###.......###.
##.## #.#...#.#
#.## #.#...#.#
.....###.##.....
##...l..#.......#.
...............#.#
...#....5.......#
.[......≈.@..≈...#
#.....§.J....##
#......≈≈......
#......≈≈....#.
#............#
#....≈....≈....
#....$.........
#..............


You could see Grinder (combustible), an endoplasm and a frilled lizard.

Vanquished Creatures
  An iguana (D:2)
  2 adders (D:2)
  A worm (D:2)
  7 dart slugs
  An orc (D:2)
  7 endoplasms
  A giant cockroach (D:1)
  6 hobgoblins
  3 quokkas
  4 ball pythons
  A bat (D:2)
  2 frilled lizards
  10 goblins (D:2)
  2 kobolds
  4 rats
52 creatures vanquished.

Vanquished Creatures (others)
  94 foxfires
94 creatures vanquished.

Grand Total: 146 creatures vanquished

Notes
Turn   | Place    | Note
-------+----------+-------------------------------------------
     0 | D:1      | YayAnonymity the Hill Orc Fire Elementalist began the quest
                  | for the Orb.
     0 | D:1      | Reached XP level 1. HP: 14/14 MP: 3/3
   440 | D:1      | Reached XP level 2. HP: 16/20 MP: 1/4
   738 | D:1      | Reached skill level 4 in Fire Magic
   856 | D:1      | You fall into a shaft and drop 1 floor!
   860 | D:2      | Reached XP level 3. HP: 26/26 MP: 3/6
   914 | D:2      | Learned a level 2 spell: Scorch
  1301 | D:2      | Reached XP level 4. HP: 33/33 MP: 0/7
  1619 | D:2      | Reached skill level 5 in Fire Magic
  2212 | D:3      | Reached XP level 5. HP: 38/38 MP: 5/8
  2251 | D:3      | Noticed Grinder
  2259 | D:3      | Killed from afar by Grinder

Illustrated notes

Levels and vault maps discovered:
D:1:      kilobyte_arrival_exit_the_forest, layout_rooms
D:2:      cheibrodos_greedy_goblins, layout_loops_ring
D:3:      layout_loops_cross, grunt_temple_overflow_open, skrybe_limestone_x,
          uniq_grinder

Skill      XL: |  1  2  3  4 |
---------------+-------------+-----
Fire Magic     | 4 5 |  5.3
Spellcasting   | 2 |  2.4
Dodging        | |  1.5
Stealth        | |  1.5
Conjurations   | |  1.0

Action                   |  1- 3 |  4- 6 || total
-------------------------+-------+-------++-------
Melee: Falchion          |     4 |    16 ||    20
 Cast: Foxfire           |    36 |    21 ||    57
       Scorch            |     8 |    11 ||    19
Armor: Robe              |     4 |    12 ||    16
Dodge: Dodged            |     9 |    21 ||    30

Table legend: (Time is in decaauts)
 A = Elapsed time spent in this place.
 B = Non-inter-level travel time spent in this place.
 C = Inter-level travel time spent in this place.
 D = Time resting spent in this place.
 E = Time spent auto-exploring this place.
 F = Levels seen in this place.
 G = Mean time per level.
                   A        B        C        D        E       F      G
               +--------+--------+--------+--------+--------+-----+--------+
         Total |   2266 |   2211 |     55 |     30 |   1754 |   3 |  755.3 |
       Dungeon |   2266 |   2211 |     55 |     30 |   1754 |   3 |  755.3 |
               +--------+--------+--------+--------+--------+-----+--------+

Top non-repeatable levels by time:
     D:2: 1352 daAuts
     D:1: 857 daAuts
     D:3: 56 daAuts
